AoeStats
← ska_18

Arena

509090999Analyzed
3v3 RM · 5d ago on Sep 25, 2026· 36m 53s· 6 players
Game mode
Random Map
Map size
Normal (6 player)
Population
200
Speed
Normal
Resources
Standard
Victory
Conquest
Starting age
Dark Age
Ending age
Imperial Age
RankedLock teamsTeams togetherTeam positionsShared explorationLock speedFull tech treeHidden civsTurbo modeCheats
Victory
Defeat
🇺🇸 Dravidians · United States
970
+15
🇸🇪 Italians · Sweden
839
+20
🇮🇩 Bohemians · Indonesia
832
+23
🇿🇦 Varangians · South Africa
1006
-21
🇦🇹 Saracens · Austria
936
-19
🇿🇦 Britons · South Africa
878
-16
ska_18
10:04 Feudal Age
12:52 Loom
15:42 Castle Age
14:20 Double-Bit Axe
14:16 Horse Collar
17:20 Bow Saw
17:57 Wheelbarrow
27:37 Imperial Age
25:52 Stone Mining
25:52 Gold Mining
26:04 Town Watch
27:13 Gold Mining
28:45 Scale Barding Armor
28:51 Forging
30:52 Conscription
31:09 Iron Casting
31:13 Fletching
33:40 Heavy Plow
34:41 Two-Man Saw
34:17 Gold Shaft Mining
33:43 Devotion
33:57 Fervor
34:08 Sanctity
33:46 Bodkin Arrow
35:57 Chain Barding Armor
36:38 Blast Furnace
Fontein
11:20 Feudal Age
11:52 Loom
14:27 Double-Bit Axe
16:48 Castle Age
15:01 Double-Bit Axe
15:33 Horse Collar
20:23 Padded Archer Armor
34:10 Imperial Age
32:22 Wheelbarrow
36:15 Yeomen
37:43 Hand Cart
Nordsturm
10:10 Feudal Age
11:26 Loom
14:18 Castle Age
15:54 Wheelbarrow
15:06 Double-Bit Axe
15:02 Horse Collar
16:08 Bow Saw
15:59 Heavy Plow
21:21 Hand Cart
21:34 Heavy Plow
23:53 Gold Mining
23:53 Stone Mining
24:52 Forging
24:43 Scale Mail Armor
26:22 Stone Shaft Mining
25:44 Town Watch
29:54 Imperial Age
27:34 Town Patrol
27:46 Forging
27:38 Scale Mail Armor
29:07 Iron Casting
28:24 Fletching
28:47 Masonry
28:57 Ballistics
29:33 Scale Barding Armor
31:45 Blast Furnace
30:50 Bodkin Arrow
31:45 Architecture
32:16 Chemistry
32:26 Chain Barding Armor
33:11 Conscription
33:28 Elite Jarl
35:41 Two-Man Saw
35:16 Crop Rotation
35:35 Plate Barding Armor
35:01 Bracer
36:01 Onager
rani
12:00 Feudal Age
15:57 Castle Age
25:25 Double-Bit Axe
25:33 Gold Mining
27:19 Fletching
31:08 Imperial Age
32:58 Chemistry
Dirty F150
10:18 Feudal Age
10:44 Double-Bit Axe
15:06 Castle Age
15:18 Loom
20:39 Bow Saw
24:07 Horse Collar
29:28 Imperial Age
26:45 Loom
27:19 Fletching
28:08 Ballistics
27:55 Gold Mining
28:07 Padded Archer Armor
28:37 Medical Corps
29:08 Bodkin Arrow
30:17 Wheelbarrow
30:18 Town Watch
31:19 Bracer
32:22 Thumb Ring
33:58 Chemistry
33:45 Leather Archer Armor
35:47 Two-Man Saw
35:26 Hand Cart
36:08 Conscription
36:40 Ring Archer Armor
37:18 Town Patrol
Emperorlinox
7:00 Loom
11:46 Feudal Age
13:25 Loom
16:06 Castle Age
15:12 Horse Collar
15:18 Double-Bit Axe
20:56 Heavy Plow
21:09 Bow Saw
24:48 Pikeman
25:42 Forging
25:33 Scale Mail Armor
26:14 Squires
27:00 Wheelbarrow
26:40 Arson
29:31 Chemistry
34:49 Imperial Age
33:13 Town Watch
34:07 Iron Casting
35:31 Hand Cart
36:54 Two-Man Saw
35:30 Halberdier
Connection lost

Rejoining the realm…

Still unreachable

The connection could not be restored.

Session expired

The server has moved on; the page needs a fresh start.